AoeStats
← viverodn17

Arena

504587640Analyzed
4v4 RM · 27d ago on Sep 5, 2026· 49m 9s· 8 players
Game mode
Random Map
Map size
Large (8 player)
Population
200
Speed
Normal
Resources
Standard
Victory
Conquest
Starting age
Dark Age
Ending age
Imperial Age
RankedLock teamsTeams togetherTeam positionsShared explorationLock speedFull tech treeHidden civsTurbo modeCheats
Victory
Defeat
🇨🇴 Ethiopians · Colombia
1177
+11
🇨🇴 Bohemians · Colombia
1119
+14
🇧🇷 Slavs · Brazil
1114
+14
🇨🇿 Franks · Czechia
1107
+14
🇵🇪 Vietnamese · Peru
1201
-18
🇪🇸 Byzantines · Spain
1082
-14
🇱🇹 Mongols · Lithuania
1070
-13
🇪🇸 Hindustanis · Spain
920
-8
Irianas
10:32 Feudal Age
11:26 Double-Bit Axe
11:25 Horse Collar
17:08 Castle Age
16:20 Fletching
16:31 Padded Archer Armor
17:01 Town Watch
17:53 Wheelbarrow
17:03 Loom
18:26 Forging
18:07 Pikeman
22:57 Arson
25:42 Elite Skirmisher
27:03 Bow Saw
33:26 Imperial Age
32:07 Ballistics
32:43 Hand Cart
33:01 Scale Mail Armor
34:57 Chemistry
34:12 Squires
34:56 Heavy Plow
35:56 Bodkin Arrow
36:16 Leather Archer Armor
36:52 Conscription
39:50 Ring Archer Armor
39:22 Bracer
39:37 Siege Engineers
39:44 Masonry
39:15 Treadmill Crane
42:00 Houfnice
42:57 Halberdier
CyMi
10:37 Feudal Age
14:49 Castle Age
12:42 Horse Collar
14:07 Stone Mining
14:31 Double-Bit Axe
14:54 Loom
18:39 Scale Mail Armor
19:09 Loom
25:28 Wheelbarrow
25:04 Town Watch
25:51 Gold Mining
28:06 Hand Cart
31:14 Bow Saw
31:08 Heavy Plow
31:48 Gold Shaft Mining
31:49 Stone Shaft Mining
32:16 Elite Skirmisher
32:48 Fletching
32:59 Padded Archer Armor
32:31 Crossbowman
33:17 Thumb Ring
36:57 Imperial Age
34:29 Town Patrol
36:13 Bodkin Arrow
36:34 Leather Archer Armor
38:12 Ballistics
38:57 Chemistry
37:58 Bracer
38:11 Arbalester
41:52 Halberdier
42:33 Squires
42:18 Arson
43:05 Chain Mail Armor
43:00 Forging
43:21 Ring Archer Armor
44:35 Plate Mail Armor
dzin
11:30 Feudal Age
17:27 Castle Age
17:11 Double-Bit Axe
17:22 Gold Mining
18:19 Husbandry
18:27 Loom
20:22 Light Cavalry
24:56 Scale Barding Armor
25:02 Forging
26:50 Bow Saw
27:09 Pikeman
27:50 Squires
27:54 Scale Mail Armor
28:30 Iron Casting
30:21 Wheelbarrow
30:35 Town Watch
32:29 Hand Cart
33:18 Arson
33:18 Gambesons
33:57 Chain Mail Armor
36:16 Chain Barding Armor
36:13 Stone Mining
37:02 Gold Shaft Mining
38:11 Ballistics
37:47 Murder Holes
42:01 Imperial Age
45:57 Plate Mail Armor
46:28 Blast Furnace
45:47 Halberdier
46:20 Cavalier
۞_KDZ_۞
13:15 Feudal Age
16:48 Castle Age
15:07 Double-Bit Axe
15:30 Horse Collar
17:26 Pikeman
23:52 Scale Mail Armor
32:37 Wheelbarrow
33:26 Gold Mining
36:58 Imperial Age
34:57 Man-at-Arms
35:37 Squires
34:59 Elite Skirmisher
35:54 Masonry
35:40 Murder Holes
36:46 Gold Shaft Mining
36:51 Long Swordsman
39:00 Forging
39:13 Heavy Plow
39:31 Hand Cart
39:01 Loom
39:13 Town Watch
39:39 Stone Mining
41:14 Husbandry
41:25 Bloodlines
40:35 Light Cavalry
41:29 Scale Barding Armor
41:59 Iron Casting
42:04 Crop Rotation
41:06 Capped Ram
42:34 Conscription
42:40 Caravan
42:50 Siege Ram
42:53 Halberdier
44:13 Chain Mail Armor
44:28 Bow Saw
43:43 Two-Handed Swordsman
45:09 Champion
47:43 Plate Mail Armor
48:14 Blast Furnace
48:14 Siege Engineers
48:31 Hussar
viverodn17
11:59 Feudal Age
10:17 Loom
15:48 Castle Age
21:32 Imperial Age
31:52 Fletching
32:31 Padded Archer Armor
33:02 Bodkin Arrow
33:50 Leather Archer Armor
33:47 Elite Skirmisher
34:54 Imperial Skirmisher
36:22 Bracer
39:25 Murder Holes
43:23 Ballistics
46:32 Onager
AlexAlmi
10:48 Feudal Age
14:51 Castle Age
21:17 Double-Bit Axe
21:56 Horse Collar
22:52 Gold Mining
24:20 Heavy Plow
24:29 Scale Barding Armor
27:33 Wheelbarrow
28:50 Bow Saw
29:18 Gold Shaft Mining
30:23 Chain Barding Armor
30:14 Forging
35:07 Imperial Age
34:22 Hand Cart
34:52 Iron Casting
35:11 Heavy Camel Rider
37:16 Husbandry
37:27 Bloodlines
37:55 Plate Barding Armor
38:21 Blast Furnace
37:25 Stone Mining
38:01 Imperial Camel Rider
HappyOrganism
9:54 Feudal Age
14:21 Castle Age
12:24 Double-Bit Axe
13:13 Horse Collar
16:17 Bow Saw
18:08 Loom
19:38 Heavy Plow
20:12 Stone Mining
20:26 Gold Mining
22:19 Wheelbarrow
23:23 Stone Shaft Mining
25:23 Gold Shaft Mining
24:46 Fletching
25:13 Forging
25:49 Hand Cart
26:14 Bodkin Arrow
26:20 Padded Archer Armor
28:12 Thumb Ring
28:54 Leather Archer Armor
28:28 Pikeman
29:47 Iron Casting
33:04 Imperial Age
31:22 Scale Barding Armor
33:16 Bloodlines
33:07 Husbandry
34:23 Conscription
34:13 Bracer
34:35 Chain Barding Armor
33:43 Elite Mangudai
33:54 Elite Mangudai
35:15 Hoardings
35:11 Ballistics
35:51 Chemistry
34:59 Siege Engineers
35:07 Masonry
35:12 Nomads
35:18 Scale Mail Armor
36:23 Squires
36:08 Arson
36:56 Parthian Tactics
37:11 Murder Holes
Nitroshots
4:02 Loom
11:11 Feudal Age
14:53 Castle Age
13:08 Double-Bit Axe
14:08 Horse Collar
16:06 Bow Saw
21:34 Fletching
24:29 Loom
36:23 Loom
Connection lost

Rejoining the realm…

Still unreachable

The connection could not be restored.

Session expired

The server has moved on; the page needs a fresh start.